 Dungeon Crawl Stone Soup version 0.20-a0-556-g892c87b (webtiles) character file.

197 krabocopter the Sneak (level 5, -1/28 HPs)
             Began as a Vine Stalker Assassin on Feb 5, 2017.
             Slain by an orc
             ... wielding a +0 war axe
              (8 damage)
             ... on level 3 of the Dungeon.
             The game lasted 00:10:15 (2515 turns).

krabocopter the Sneak (Vine Stalker Assassin)       Turns: 2515, Time: 00:10:17

Health: -1/28      AC:  5    Str: 14    XL:     5   Next: 75%
Magic:  0/6        EV: 12    Int: 11    God:
Gold:   192        SH:  0    Dex: 16    Spells: 4/4 levels left

rFire    . . .     SeeInvis .   a - +0 falchion
rCold    . . .     Gourm    .   o - +2 robe {rN+}
rNeg     + . .     Faith    .   (no shield)
rPois    .         Spirit   +   (no helmet)
rElec    .         Reflect  .   d - +0 cloak
rCorr    .         Harm     .   (no gloves)
MR       .....                  (no boots)
Stlth    ++++......             (no amulet)
Regen    0.5/turn               (no ring)
                                (no ring)

@: no status effects
A: fangs 2, regeneration 1, magic shield, antimagic bite, no potion heal 3, rot
immunity
a: no special abilities


You were on level 3 of the Dungeon.
You were not hungry.

You visited 1 branch of the dungeon, and saw 4 of its levels.

You collected 192 gold pieces.

Inventory:

Hand Weapons
 a - a +0 falchion (weapon)
 b - a +0 blowgun
 k - a +1 dagger of draining
Missiles
 e - 24 poisoned needles
 f - 2 curare-tipped needles
Armour
 d - a +0 cloak (worn)
 o - a +2 robe of positive energy (worn)
Jewellery
 m - an uncursed amulet of the gourmand
Scrolls
 h - 3 scrolls of teleportation
 j - 3 scrolls of remove curse {unknown}
 n - 7 scrolls of identify
 p - a scroll of recharging {unknown}
 q - a scroll of fog {unknown}
 s - 3 scrolls of blinking {unknown}
 t - a scroll of enchant weapon {unknown}
Potions
 i - a potion of curing {unknown}
Comestibles
 c - 3 chunks of flesh
 g - 5 bread rations
 l - 3 royal jellies


   Skills:
 - Level 3.0 Fighting
 - Level 1.7 Short Blades
 - Level 1.7 Throwing
 * Level 1.1 Dodging
 + Level 7.7 Stealth


You had 4 spell levels left.
You didn't know any spells.

Dungeon Overview and Level Annotations

Branches:
Dungeon (4/15)
 Temple: D:4-7

Altars:
Nemelex Xobeh


Innate Abilities, Weirdness & Mutations

You have extremely sharp teeth.
Your natural rate of healing is unusually fast.
When hurt, damage is shared between your health and your magic reserves.
Your bite disrupts and absorbs the magic of your enemies.
Potions cannot restore your health.
You are immune to rotting.


Message History

The orc barely misses you.
You riposte.
You closely miss the orc. You bite the orc, but do no damage.
You hit the orc wizard but do no damage.
You bite the orc wizard.
The orc wizard's magic leaks into the air.
You drain its magic.
You feel invigorated.
The orc wizard is moderately wounded.
The orc wizard closely misses you. The orc barely misses you.
You hit the orc wizard. Your bite misses the orc wizard.
The orc wizard is severely wounded.
The orc wizard hits you but does no damage.
The orc hits you with a war axe.
* * * LOW HITPOINT WARNING * * *
You barely miss the orc wizard.
The orc wizard is severely wounded.
The orc wizard barely misses you.
You riposte.
You completely miss the orc wizard.
The orc wizard is severely wounded.
The orc hits you with a war axe!
You die...

..#.####.####..#..##.#.##.####.#
..#.##....(.#..#..##.#.##.# #.##
..#.##......#..#..##.#.##.# #.#.
....##......'.....##......####.#.
..####......#.#...##...........#.
.## #......#.#........######⌠.⌠.
.# #......#................._..
.# ########.#........######⌠.⌠.
.# ####.#o@.##....# ##... .#
#.......o.....#######... ##
#.##.#..###..###........ #
#.##.#.......###.####..# #
#.##.#.####..#.......... #######
#.##...# ##.#.#..###..# ......#
#.##.#######.#.........# #####.#
#.##.................... # #.#
#.##.#######.#.#..###.##


You could see an orc wizard and an orc.

Vanquished Creatures
  Jessica (D:2)
  An orc wizard (D:3)
  3 adders
  An ooze (D:3)
  5 worms
  3 dart slugs
  2 leopard geckos (D:2)
  11 orcs
  A ball python (D:3)
  4 giant cockroaches
  7 goblins
  7 hobgoblins
  8 jackals
  8 kobolds
  A quokka (D:3)
  7 bats
  4 rats
74 creatures vanquished.

Notes
Turn   | Place    | Note
-------+----------+-------------------------------------------
     0 | D:1      | krabocopter the Vine Stalker Assassin began the quest for the Orb.
     0 | D:1      | Reached XP level 1. HP: 11/11 MP: 2/2
    23 | D:1      | Reached skill level 5 in Stealth
    94 | D:1      | Reached XP level 2. HP: 9/15 MP: 1/3
   381 | D:1      | Reached XP level 3. HP: 10/18 MP: 2/4
   558 | D:2      | Reached skill level 6 in Stealth
   997 | D:2      | Gained mutation: Your natural rate of healing is unusually fast. [Vine Stalker growth]
   997 | D:2      | Reached XP level 4. HP: 21/23 MP: 3/5
  1292 | D:2      | Noticed Jessica
  1297 | D:2      | Killed Jessica
  1346 | D:2      | Reached skill level 7 in Stealth
  1373 | D:3      | Reached XP level 5. HP: 27/27 MP: 6/6
  1393 | D:3      | HP: 1/27 [something (2)]
  1398 | D:3      | HP: 1/27 [something (1)]
  1470 | D:3      | Noticed an ogre
  1873 | D:3      | Reached skill level 1 in Dodging
  2294 | D:3      | Found a sparkling altar of Nemelex Xobeh.
  2509 | D:4      | Noticed an orc warrior
  2515 | D:3      | Slain by an orc

Vault maps used:
D:1:      dpeg_arrival_fog
D:2:      first_bread, uniq_jessica
D:3:      nemelex_xobeh_ov_fountains_minmay

Skill      XL: |  1  2  3  4  5 |
---------------+----------------+-----
Stealth        | 5 6 7 |  7.7
Fighting       | 2 3 |  3.0
Dodging        | 1 |  1.1
Short Blades   | |  1.7
Throwing       | |  1.7

Action                   |  1- 3 |  4- 6 || total
-------------------------+-------+-------++-------
Melee: Dagger            |    79 |   138 ||   217
       Bite              |    17 |    46 ||    63
       Falchion          |       |    12 ||    12
  Use: Scroll            |       |     2 ||     2
       Potion            |       |     4 ||     4
 Stab: Sleeping          |     6 |     3 ||     9
       Distracted        |       |     1 ||     1
  Eat: Chunk             |       |     5 ||     5
Armor: Robe              |    30 |    33 ||    63
Dodge: Dodged            |    41 |    81 ||   122
       Rpst.: Falchion   |       |     3 ||     3
